 Dungeon Crawl Stone Soup version 0.27.1-33-g824d729ab1 (webtiles) character file.

Game seed: 5307776129393279301

66 jlumianski the Ducker (level 4, 0/41 HPs)
             Began as a Gnoll Monk on Dec 24, 2021.
             Slain by a gnoll (14 damage)
             ... on level 3 of the Dungeon.
             The game lasted 00:07:49 (1468 turns).

jlumianski the Ducker (Gnoll Monk)                  Turns: 1468, Time: 00:07:50

Health: 0/41       AC:  5    Str: 11    XL:     4   Next: 15%
Magic:  5/5        EV: 14    Int: 10    God:
Gold:   43         SH:  0    Dex: 20    Spells: 5/5 levels left

rFire    . . .     SeeInvis .   a - +0 hand axe
rCold    . . .     Faith    .   (no shield)
rNeg     . . .     Spirit   .   h - +0 ring mail
rPois    .         Reflect  .   (no helmet)
rElec    .         Harm     .   (no cloak)
rCorr    .         Rampage  .   (no gloves)
Will     .....                  (no boots)
Stlth    ++........             (no amulet)
HPRegen  0.13/turn              d - +6 ring of dexterity
MPRegen  0.09/turn              (no ring)

@: hasted, very quick
A: fangs 1, strong nose, distributed training
a: no special abilities


You were on level 3 of the Dungeon.
You visited 1 branch of the dungeon, and saw 5 of its levels.

You collected 43 gold pieces.

Inventory:

Hand Weapons
 a - a +0 hand axe (weapon)
 j - a +2 hunting sling of freezing
Missiles
 f - 27 stones
 g - 41 bolts
 i - 34 sling bullets
 n - 3 boomerangs (quivered)
Armour
 b - a +0 robe
 h - a +0 ring mail (worn)
Jewellery
 d - a +6 ring of dexterity (left hand)
Scrolls
 m - a scroll of identify {unknown}
 o - a scroll of teleportation {unknown}
Potions
 c - a potion of flight {unknown}
 e - a potion of haste
 k - a potion of resistance {unknown}
 l - 3 potions of degeneration {unknown}
 p - a potion of heal wounds {unknown}


   Skills:
 + Level 6.6 Fighting
 + Level 1.0 Short Blades
 + Level 1.0 Long Blades
 + Level 6.6 Axes
 + Level 1.0 Maces & Flails
 + Level 1.0 Polearms
 + Level 1.0 Staves
 + Level 1.0 Slings
 + Level 1.0 Bows
 + Level 1.0 Crossbows
 + Level 1.0 Throwing
 + Level 1.0 Armour
 + Level 6.6 Dodging
 + Level 4.2 Stealth
 + Level 1.0 Shields
 + Level 1.0 Unarmed Combat
 + Level 1.0 Spellcasting
 + Level 0.8 Conjurations
 + Level 0.8 Hexes
 + Level 0.8 Summonings
 + Level 0.8 Necromancy
 + Level 0.8 Translocations
 + Level 0.8 Transmutations
 + Level 0.8 Fire Magic
 + Level 0.8 Ice Magic
 + Level 0.8 Air Magic
 + Level 0.8 Earth Magic
 + Level 0.8 Poison Magic
 + Level 1.1 Invocations
 + Level 1.0 Evocations


You had 5 spell levels left.
You didn't know any spells.
Your spell library contained the following spells:

 Spells                   Type           Power      Damage    Failure   Level
 Animate Skeleton         Necr           4%         N/A       50%         1
 Pain                     Necr           8%         1d4       50%         1
 Summon Small Mammal      Summ           8%         N/A       50%         1
 Call Canine Familiar     Summ           2%         N/A       86%         3
 Gell's Gravitas          Tloc           1%         N/A       86%         3
 Summon Guardian Golem    Hex/Summ       2%         N/A       86%         3
 Teleport Other           Tloc           2%         N/A       86%         3
 Vampiric Draining        Necr           1%         2d6       86%         3
 Dispersal                Tloc           1%         N/A       100%        6


Dungeon Overview and Level Annotations

Branches:
Dungeon (5/15)
 Temple: D:4-7

Altars:


Innate Abilities, Weirdness & Mutations

You have very sharp teeth.
Your uncanny sense of smell can sniff out nearby items.
Your experience applies equally to all skills.


Message History

You miss the adder.
The adder is moderately wounded.
The adder bites you.
You are poisoned.
The adder poisons you! The adder closely misses you.
You hit the adder.
The adder is severely wounded.
You feel sick. The adder bites you but does no damage.
You hit the adder.
You kill the adder!
You feel sick.
You have reached level 4!
You feel clever.
You feel sick.
You feel sick.
You feel sick.
You are no longer poisoned.
p - a fizzy silvery potion
There is a stone staircase leading up here.
You climb upwards.
There is a stone staircase leading down here.
f - 27 stones (gained 2)
You see here a +0 short sword.
There is a stone staircase leading up here.
You climb upwards.
The gnoll shouts! x4
The gnoll hits you with a +0 halberd.
The gnoll hits you with a +2 flail of protection!
Found a scroll labelled REDOXOENUI.
There is a stone staircase leading down, spattered with blood here.
The gnoll hits you from afar with a +0 spear.
The gnoll closely misses you. x2
You climb downwards.
There is a stone staircase leading up here.
It was a potion of haste.
You feel yourself speed up.
The gnoll hits you with a +2 flail of protection.
The gnoll closely misses you.
You completely miss the gnoll. You hit the gnoll. The gnoll misses you.
The gnoll hits you with a +0 halberd!
You die...

#..#####†.....######.#
#.......†...........<#
#.####...##..#######.#
..........##..# #...
##.#####..##..# #.###
#............# #.#
#######..##.## #.#
###..##.########.#
#....)....g@g.##.#
#.>..##.#####.#
#.###...###.# #
#........##.#
#####.##.#..# #.#
.#.## #........
####.#.## #..


You could see 2 gnolls.

Vanquished Creatures
  2 adders
  A dart slug (D:4)
  A worm (D:1)
  An orc (D:3)
  3 ball pythons
  A bat (D:1)
  4 endoplasms (D:1)
  2 giant cockroaches
  4 goblins
  3 hobgoblins
  4 jackals (D:3)
  5 kobolds
  3 quokkas (D:1)
  2 frilled lizards (D:1)
  2 rats (D:3)
38 creatures vanquished.

Notes
Turn   | Place    | Note
-------+----------+-------------------------------------------
     0 | D:1      | jlumianski the Gnoll Monk began the quest for the Orb.
     0 | D:1      | Reached XP level 1. HP: 23/23 MP: 1/1
    31 | D:1      | You fall into a shaft and drop 1 floor!
   213 | D:1      | Reached XP level 2. HP: 29/29 MP: 2/2
   407 | D:1      | Found a faded altar of an unknown god.
   748 | D:1      | Reached XP level 3. HP: 35/35 MP: 3/3
  1092 | D:2      | Reached skill level 1 in Invocations
  1296 | D:3      | Reached skill level 1 in Short Blades
  1296 | D:3      | Reached skill level 1 in Long Blades
  1296 | D:3      | Reached skill level 1 in Maces & Flails
  1296 | D:3      | Reached skill level 1 in Polearms
  1296 | D:3      | Reached skill level 1 in Staves
  1296 | D:3      | Reached skill level 1 in Slings
  1296 | D:3      | Reached skill level 1 in Bows
  1296 | D:3      | Reached skill level 1 in Crossbows
  1296 | D:3      | Reached skill level 1 in Throwing
  1296 | D:3      | Reached skill level 1 in Armour
  1296 | D:3      | Reached skill level 1 in Shields
  1296 | D:3      | Reached skill level 1 in Unarmed Combat
  1296 | D:3      | Reached skill level 1 in Spellcasting
  1296 | D:3      | Reached skill level 1 in Evocations
  1370 | D:5      | Entered Level 5 of the Dungeon
  1436 | D:4      | Reached XP level 4. HP: 34/41 MP: 5/5
  1468 | D:3      | Slain by a gnoll

Illustrated notes

Levels and vault maps discovered:
D:1:      lightli_arrival_isolated_outpost, layout_basic,
          ebering_ecumenical_altar_mist
D:2:      layout_rooms, minmay_surrounded
D:3:      layout_loops_ring, wad_floor_pattern_untrapped
D:4:      layout_layer_cave, kennysheep_mini_moat
D:5:      layout_basic, minmay_misc_feat_diagonals

Skill      XL: |  1  2  3 |
---------------+----------+-----
Invocations    | 1 |  1.1
Short Blades   | 1 |  1.0
Long Blades    | 1 |  1.0
Maces & Flails | 1 |  1.0
Polearms       | 1 |  1.0
Staves         | 1 |  1.0
Slings         | 1 |  1.0
Bows           | 1 |  1.0
Crossbows      | 1 |  1.0
Throwing       | 1 |  1.0
Armour         | 1 |  1.0
Shields        | 1 |  1.0
Unarmed Combat | 1 |  1.0
Spellcasting   | 1 |  1.0
Evocations     | 1 |  1.0
Fighting       | |  6.6
Axes           | |  6.6
Dodging        | |  6.6
Stealth        | |  4.2
Conjurations   | |  0.8
Hexes          | |  0.8
Summonings     | |  0.8
Necromancy     | |  0.8
Translocations | |  0.8
Transmutations | |  0.8
Fire Magic     | |  0.8
Ice Magic      | |  0.8
Air Magic      | |  0.8
Earth Magic    | |  0.8
Poison Magic   | |  0.8

Action                   |  1- 3 |  4- 6 || total
-------------------------+-------+-------++-------
Melee: Hand axe          |   123 |     1 ||   124
       Bite              |     9 |       ||     9
Throw: Boomerang         |     1 |       ||     1
  Use: Potion            |       |     1 ||     1
 Stab: Sleeping          |     4 |       ||     4
Armor: Robe              |     2 |       ||     2
       Ring mail         |    16 |       ||    16
Dodge: Dodged            |    81 |     4 ||    85
